 Dungeon Sprint DCSS version 0.19.4-10-g532645f (webtiles) character file.

3691 equalderp2856 the Unseen (level 9, -3/34 HPs)
             Began as a Felid Fighter on Feb 25, 2017.
             Slain by a lorocyproca (29 damage)
             ... in the Dungeon (Sprint I: "Red Sonja").
             The game lasted 00:13:19 (3547 turns).

equalderp2856 the Unseen (Felid Fighter)            Turns: 3547, Time: 00:13:20

Health: -3/34      AC:  2    Str: 11    XL:     9   Next: 90%
Magic:  7/7        EV: 31    Int:  7    God:
Gold:   997        SH:  0    Dex: 15    Spells: 5 memorised, 0 levels left
                                        Lives:  0   Deaths: 2

rFire  . . .     SeeInvis +       - Unarmed
rCold  . . .     Gourm    .     (armour unavailable)
rNeg   . . .     Faith    .     (shield unavailable)
rPois  .         Spirit   .     (helmet unavailable)
rElec  .         Reflect  .     (cloak unavailable)
rCorr  .         Harm     .     (gloves unavailable)
MR     +....     Rnd*Rage +     (boots unavailable)
Stlth  ++++++++.. NoTele   +    (no amulet)
                                (no ring)
                                (no ring)

@: quick
A: no armour, no weapons or thrown items, stealth, claws 1, fangs 3, see
invisible, berserk 3, carnivore 3, clumsy 1, deterioration 2, dopey 2, speed 1,
frail 3, low mp 3, screaming 3, shaggy fur 2, slow metabolism 1, weak 1, no
device heal 3, subdued magic 1, MP-powered wands, sharp paws
a: no special abilities


You were in the Dungeon.
You were not hungry.

You visited 1 branch You collected 1467 gold pieces.
You spent 470 gold pieces at shops.

Inventory:

Jewellery
 k - a +5 ring of intelligence {unknown}
Wands
 d - a wand of random effects (20/48)
Scrolls
 h - a scroll of blinking
Potions
 a - a potion of might
 c - 4 potions of curing
 e - a potion of haste
 f - 2 potions of magic
 g - a potion of berserk rage
 i - a potion of resistance {unknown}
Books
 l - a book of Minor Magic

   Spells                             Type                      Level
   a - Magic Dart                     Conjuration                  1
   b - Blink                          Translocation                2
   c - Call Imp                       Summoning                    2
   d - Repel Missiles                 Charms/Air                   2
   e - Slow                           Hexes                        2
   f - Conjure Flame                  Conjuration/Fire             3
   g - Mephitic Cloud                 Conjuration/Poison/Air       3
Comestibles
 b - a meat ration
 j - a slice of pizza


   Skills:
 + Level 11.8 Fighting
 + Level 15.7 Dodging
 + Level 20.3 Stealth
 + Level 16.4 Unarmed Combat


You couldn't memorise any spells.
You knew the following spells:

 Your Spells              Type           Power        Failure   Level  Hunger
a - Magic Dart            Conj           #...         43%         1    ##.....
b - Blink                 Tloc           N/A          69%         2    ###....
c - Call Imp              Summ           #.......     69%         2    ###....
d - Repel Missiles        Chrm/Air       #.....       69%         2    ###....
e - Slow                  Hex            #.......     69%         2    ###....


Dungeon Overview and Level Annotations

Branches:
Dungeon (1/1)

Altars:
Cheibriados
Dithmenos
Elyvilon
Fedhas
Gozag
Hepliaklqana
Kikubaaqudgha
Makhleb
Nemelex Xobeh
Okawaru
Qazlal
Ru
Sif Muna
Trog
Uskayaw
Vehumet
Xom
Yredelemnul
Zin
The Shining One
Jiyva
Lugonu

Shops:
D ((*(:[*!*([=*==[!


Innate Abilities, Weirdness & Mutations

You cannot wear armour.
You are incapable of wielding weapons or throwing items.
Your paws allow you to move quietly. (Stealth)
You have sharp claws.
You have razor-sharp teeth.
You have supernaturally acute eyesight. (SInv)
You are carnivorous and can eat meat at any time.
You cover ground quickly.
You are covered in thick fur. (AC +2)
You have a slow metabolism.
Your sharp claws are effective at attacking unaware monsters.
You have an uncontrollable temper.
You are clumsy. (Dex -2)
Your body often deteriorates upon taking damage.
You are very dopey. (Int -4)
You are extremely frail. (-30% HP)
Your magical capacity is extremely low. (-30% MP)
You frequently scream uncontrollably at your foes.
You are weak. (Str -2)
Potions and wands cannot restore your health.
Your spells are a little easier to cast, but a little less powerful.
You expend magic power (3 MP) to strengthen your wands.


Message History

The demonic crawler completely misses you.
You are now level 9!
You rejoin the land of the living...
Found a robe.
Okay, then.
You open the door.
A lorocyproca comes into view.
The lorocyproca gives a chilling moan.
Found 81 gold pieces.
A meliai comes into view. It is wielding a hand axe.
Found 54 gold pieces.
There is an open door here.
An arrow shoots out and hits you!
Found 27 gold pieces.
There is an arrow trap here.
You claw the lorocyproca!
The lorocyproca is lightly wounded.
The lorocyproca hits you!!
Ouch! That really hurt!
You die...

###########
#__#..')..#
'^.'..#)..##+#
###
#__####...†s.#
#[# #
####)§#####s.+
#'#$###
#≈§§.§#..# +##
#@2$#y#
'≈≈§§§'§.#
#..$###
#≈≈≈§)#§.#
+..$$$#
##'#####'###
#.....#
#(..§###.'.#
###++##
##'###%###.#
.....'(∩##.#
##########§#
#.......##§#


You could see a lorocyproca (invisible) and a meliai.

Vanquished Creatures
  2 centaur warriors (D)
  Sonja (D)
  2 unseen horrors (D)
  A deep troll (D)
  An oklob plant (D)
  8 shining eyes (D)
  2 kobold demonologists (D)
  2 demonic crawlers (D)
  A hornet (D)
  A slime creature (D)
  Sigmund (D)
  2 redbacks (D)
  A yak (D)
  6 floating eyes (D)
  An ogre (D)
  7 necrophages (D)
  8 jellies (D)
  Ijyb (D)
  2 ballistomycetes (D)
50 creatures vanquished.

Vanquished Creatures (others)
  the Lernaean hydra (D)
  A siren (D)
  A gargoyle (D)
  4 hornets (D)
  2 ballistomycete spores (D)
9 creatures vanquished.

Grand Total: 59 creatures vanquished

Notes
Turn   | Place    | Note
-------+----------+-------------------------------------------
     0 | D        | equalderp2856 the Felid Fighter began the quest for the Orb.
     0 | D        | Reached XP level 1. HP: 10/10 MP: 2/2
     2 | D        | Noticed Ijyb
    50 | D        | Killed Ijyb
    50 | D        | Reached skill level 8 in Stealth
    50 | D        | Reached XP level 2. HP: 10/14 MP: 3/3
   144 | D        | Noticed an ogre
   147 | D        | Killed an ogre
   147 | D        | Reached skill level 12 in Stealth
   147 | D        | Reached XP level 3. HP: 17/17 MP: 4/4
   147 | D        | Reached XP level 4. HP: 21/21 MP: 5/5
   149 | D        | Noticed Sigmund
   152 | D        | Killed Sigmund
   152 | D        | Reached skill level 16 in Stealth
   152 | D        | Reached XP level 5. HP: 24/24 MP: 6/6
   152 | D        | Gained mutation: You are covered in thick fur. (AC +2) [Felid growth]
   152 | D        | Reached XP level 6. HP: 28/28 MP: 7/7
   182 | D        | Found a deep blue altar of Sif Muna.
   183 | D        | Found a burning altar of Makhleb.
   183 | D        | Found a viscous altar of Jiyva.
   183 | D        | Found a shimmering altar of Xom.
   183 | D        | Found a corrupted altar of Lugonu.
   183 | D        | Noticed a slime creature
   186 | D        | Killed a slime creature
   186 | D        | Reached skill level 5 in Fighting
   186 | D        | Reached skill level 5 in Unarmed Combat
   194 | D        | Found a radiant altar of Vehumet.
   249 | D        | Killed a hornet
   356 | D        | Found Miom's Antique Weapon Emporium.
   356 | D        | Found an ancient bone altar of Kikubaaqudgha.
   356 | D        | Found a hazy altar of Hepliaklqana.
   356 | D        | Found a stormy altar of Qazlal.
   356 | D        | Found a hide-covered altar of Uskayaw.
   356 | D        | Found a blossoming altar of Fedhas.
   356 | D        | Found a bloodstained altar of Trog.
   356 | D        | Found an iron altar of Okawaru.
   356 | D        | Found a basalt altar of Yredelemnul.
   356 | D        | Found a glowing golden altar of the Shining One.
   356 | D        | Found a snail-covered altar of Cheibriados.
   356 | D        | Found a sacrificial altar of Ru.
   356 | D        | Found a glowing silver altar of Zin.
   356 | D        | Found a shadowy altar of Dithmenos.
   356 | D        | Found a white marble altar of Elyvilon.
   356 | D        | Noticed a yak
   366 | D        | Killed a yak
   366 | D        | Reached XP level 7. HP: 21/34 MP: 8/8
   367 | D        | Found an opulent altar of Gozag.
   482 | D        | Found a sparkling altar of Nemelex Xobeh.
   502 | D        | Noticed a centaur warrior
   505 | D        | Noticed a centaur warrior
   516 | D        | Noticed a deep troll
   518 | D        | Killed a deep troll
   518 | D        | Reached skill level 10 in Dodging
   518 | D        | Reached XP level 8. HP: 40/40 MP: 9/9
   524 | D        | Found Yjiups's Armour Emporium.
   535 | D        | Noticed Sonja
   538 | D        | Killed Sonja
   561 | D        | Killed a hornet
   570 | D        | Killed a centaur warrior
   570 | D        | Reached skill level 10 in Fighting
   570 | D        | Reached skill level 10 in Unarmed Combat
   570 | D        | Reached XP level 9. HP: 47/47 MP: 10/10
   572 | D        | Killed a centaur warrior
   591 | D        | Noticed an oklob plant
   593 | D        | Killed an oklob plant
   611 | D        | Reached XP level 10. HP: 30/52 MP: 11/11
   651 | D        | Killed the 27-headed Lernaean hydra
   956 | D        | Noticed an unseen horror
   957 | D        | Noticed an unseen horror
   985 | D        | Killed an unseen horror
   985 | D        | Reached skill level 17 in Stealth
  1014 | D        | Killed a siren
  1145 | D        | Killed an unseen horror
  1191 | D        | Reached skill level 15 in Dodging
  1228 | D        | Reached skill level 18 in Stealth
  1269 | D        | Found Vaqa's Antique Weapon Shoppe.
  1269 | D        | Found Pucituo's Assorted Antiques.
  1269 | D        | Found Tuyl Lachu's Book Boutique.
  1271 | D        | Found Keirann's Antique Armour Emporium.
  1271 | D        | Found Higoitru's General Store.
  1271 | D        | Found Yntiq's Distillery.
  1271 | D        | Found Ewod's Assorted Antiques.
  1271 | D        | Found Xonlei's Antique Weapon Emporium.
  1271 | D        | Found Ynyedu's Armour Shop.
  1271 | D        | Found Quklu's Jewellery Shoppe.
  1273 | D        | Found Avairere's Assorted Antiques.
  1274 | D        | Found Fokoagaok's Jewellery Emporium.
  1274 | D        | Found Kimodgh's Jewellery Boutique.
  1275 | D        | Found Qivut's Distillery.
  1293 | D        | Bought a book of Minor Magic for 220 gold pieces
  1311 | D        | Learned a level 1 spell: Magic Dart
  1314 | D        | Learned a level 2 spell: Blink
  1317 | D        | Learned a level 2 spell: Call Imp
  1320 | D        | Learned a level 2 spell: Repel Missiles
  1323 | D        | Learned a level 2 spell: Slow
  1360 | D        | Found Forchyuz's Antique Weapon Boutique.
  1373 | D        | Noticed a shining eye
  1373 | D        | Noticed a shining eye
  1373 | D        | Noticed a shining eye
  1373 | D        | Noticed a shining eye
  1373 | D        | Noticed a shining eye
  1373 | D        | Noticed a shining eye
  1375 | D        | Gained mutation: You are dopey. (Int -2) [a shining eye]
  1375 | D        | Gained mutation: Your body sometimes deteriorates upon taking damage. [a shining eye]
  1377 | D        | Noticed a shining eye
  1377 | D        | Noticed a shining eye
  1377 | D        | Gained mutation: Your spells are a little harder to cast, but a little more powerful. [a shining eye]
  1379 | D        | Gained mutation: Your body often deteriorates upon taking damage. [a shining eye]
  1379 | D        | Gained mutation: You are frail. (-10% HP) [a shining eye]
  1383 | D        | Lost mutation: Your spells are a little harder to cast, but a little more powerful. [a shining eye]
  1385 | D        | Gained mutation: You tend to lose your temper in combat. [a shining eye]
  1387 | D        | Gained mutation: You are very dopey. (Int -4) [a shining eye]
  1388 | D        | Gained mutation: Your magical capacity is low. (-10% MP) [a shining eye]
  1389 | D        | Gained mutation: You are very frail. (-20% HP) [a shining eye]
  1390 | D        | Gained mutation: Your spells are a little easier to cast, but a little less powerful. [a shining eye]
  1390 | D        | Gained mutation: Your magical capacity is very low. (-20% MP) [a shining eye]
  1391 | D        | Gained mutation: You are clumsy. (Dex -2) [a shining eye]
  1391 | D        | Gained mutation: Your magical capacity is extremely low. (-30% MP) [a shining eye]
  1392 | D        | Paralysed by a floating eye for 2 turns
  1396 | D        | Gained mutation: You are very clumsy. (Dex -4) [a shining eye]
  1397 | D        | Gained mutation: You are weak. (Str -2) [a shining eye]
  1400 | D        | Gained mutation: You expend magic power (3 MP) to strengthen your wands. [a shining eye]
  1404 | D        | Gained mutation: You are very weak. (Str -4) [a shining eye]
  1404 | D        | Gained mutation: You are extremely frail. (-30% HP) [a shining eye]
  1406 | D        | Lost mutation: Your body often deteriorates upon taking damage. [a shining eye]
  1408 | D        | Gained mutation: You occasionally shout uncontrollably at your foes. [a shining eye]
  1409 | D        | Gained mutation: Your spells are easier to cast, but less powerful. [a shining eye]
  1409 | D        | Gained mutation: You often lose your temper in combat. [a shining eye]
  1410 | D        | Gained mutation: Potions and wands are less effective at restoring your health. [a shining eye]
  1413 | D        | Gained mutation: You sometimes yell uncontrollably at your foes. [a shining eye]
  1414 | D        | Gained mutation: Your body often deteriorates upon taking damage. [a shining eye]
  1414 | D        | Gained mutation: You frequently scream uncontrollably at your foes. [a shining eye]
  1416 | D        | Gained mutation: You have an uncontrollable temper. [a shining eye]
  1416 | D        | Lost mutation: Potions and wands are less effective at restoring your health. [a shining eye]
  1416 | D        | Gained mutation: Your spells are much easier to cast, but much less powerful. [a shining eye]
  1419 | D        | Gained mutation: You regenerate slowly when monsters are visible. [a shining eye]
  1420 | D        | Lost mutation: You expend magic power (3 MP) to strengthen your wands. [a shining eye]
  1424 | D        | Lost mutation: You regenerate slowly when monsters are visible. [a shining eye]
  1425 | D        | Gained mutation: You expend magic power (3 MP) to strengthen your wands. [a shining eye]
  1426 | D        | Lost mutation: Your magical capacity is extremely low. (-30% MP) [a shining eye]
  1431 | D        | Gained mutation: Your magical capacity is extremely low. (-30% MP) [a shining eye]
  1432 | D        | Gained mutation: Potions and wands are less effective at restoring your health. [a shining eye]
  1436 | D        | Gained mutation: Potions and wands are poor at restoring your health. [a shining eye]
  1436 | D        | Lost mutation: Potions and wands are poor at restoring your health. [a shining eye]
  1438 | D        | Gained mutation: Potions and wands are poor at restoring your health. [a shining eye]
  1438 | D        | Gained mutation: Potions and wands cannot restore your health. [a shining eye]
  1440 | D        | Lost mutation: Potions and wands cannot restore your health. [a shining eye]
  1441 | D        | Gained mutation: Potions and wands cannot restore your health. [a shining eye]
  1450 | D        | Lost mutation: Potions and wands cannot restore your health. [a shining eye]
  1450 | D        | Lost mutation: Potions and wands are poor at restoring your health. [a shining eye]
  1452 | D        | Lost mutation: You are very clumsy. (Dex -4) [a shining eye]
  1454 | D        | Gained mutation: You are very clumsy. (Dex -4) [a shining eye]
  1456 | D        | Killed a gargoyle
  1462 | D        | Lost mutation: Potions and wands are less effective at restoring your health. [a shining eye]
  1462 | D        | Gained mutation: You regenerate slowly when monsters are visible. [a shining eye]
  1464 | D        | Gained mutation: You do not regenerate when monsters are visible. [a shining eye]
  1466 | D        | Lost mutation: You do not regenerate when monsters are visible. [a shining eye]
  1466 | D        | Lost mutation: You regenerate slowly when monsters are visible. [a shining eye]
  1467 | D        | Gained mutation: You regenerate slowly when monsters are visible. [a shining eye]
  1470 | D        | Gained mutation: You do not regenerate when monsters are visible. [a shining eye]
  1470 | D        | Lost mutation: You are very dopey. (Int -4) [a shining eye]
  1472 | D        | Lost mutation: You do not regenerate when monsters are visible. [a shining eye]
  1473 | D        | Lost mutation: You regenerate slowly when monsters are visible. [a shining eye]
  1474 | D        | Gained mutation: You are very dopey. (Int -4) [a shining eye]
  1477 | D        | Gained mutation: Potions and wands are less effective at restoring your health. [a shining eye]
  1478 | D        | Gained mutation: Potions and wands are poor at restoring your health. [a shining eye]
  1478 | D        | Gained mutation: Potions and wands cannot restore your health. [a shining eye]
  1480 | D        | Lost mutation: You have an uncontrollable temper. [a shining eye]
  1481 | D        | Lost mutation: You are very clumsy. (Dex -4) [a shining eye]
  1482 | D        | Gained mutation: You are very clumsy. (Dex -4) [a shining eye]
  1485 | D        | Lost mutation: Potions and wands cannot restore your health. [a shining eye]
  1487 | D        | Lost mutation: You are very dopey. (Int -4) [a shining eye]
  1489 | D        | Gained mutation: You are very dopey. (Int -4) [a shining eye]
  1491 | D        | Gained mutation: Potions and wands cannot restore your health. [a shining eye]
  1493 | D        | Gained mutation: You have an uncontrollable temper. [a shining eye]
  1496 | D        | Lost mutation: Potions and wands cannot restore your health. [a shining eye]
  1500 | D        | Lost mutation: Potions and wands are poor at restoring your health. [a shining eye]
  1502 | D        | Gained mutation: Potions and wands are poor at restoring your health. [a shining eye]
  1503 | D        | Gained mutation: Potions and wands cannot restore your health. [a shining eye]
  1503 | D        | Lost mutation: Potions and wands cannot restore your health. [a shining eye]
  1512 | D        | Lost mutation: Potions and wands are poor at restoring your health. [a shining eye]
  1516 | D        | Gained mutation: Potions and wands are poor at restoring your health. [a shining eye]
  1517 | D        | Lost mutation: Potions and wands are poor at restoring your health. [a shining eye]
  1518 | D        | Gained mutation: Potions and wands are poor at restoring your health. [a shining eye]
  1520 | D        | Lost mutation: Potions and wands are poor at restoring your health. [a shining eye]
  1522 | D        | Lost mutation: Potions and wands are less effective at restoring your health. [a shining eye]
  1522 | D        | Gained mutation: Potions and wands are less effective at restoring your health. [a shining eye]
  1523 | D        | Lost mutation: Potions and wands are less effective at restoring your health. [a shining eye]
  1523 | D        | Gained mutation: You regenerate slowly when monsters are visible. [a shining eye]
  1530 | D        | Lost mutation: You regenerate slowly when monsters are visible. [a shining eye]
  1543 | D        | Lost mutation: You have an uncontrollable temper. [a shining eye]
  1544 | D        | Lost mutation: You are very clumsy. (Dex -4) [a shining eye]
  1549 | D        | Gained mutation: You are very clumsy. (Dex -4) [a shining eye]
  1549 | D        | Gained mutation: You regenerate slowly when monsters are visible. [a shining eye]
  1549 | D        | Gained mutation: You do not regenerate when monsters are visible. [a shining eye]
  1553 | D        | Gained mutation: You do not regenerate. [a shining eye]
  1555 | D        | Lost mutation: You do not regenerate. [a shining eye]
  1556 | D        | Gained mutation: You have an uncontrollable temper. [a shining eye]
  1562 | D        | Lost mutation: You do not regenerate when monsters are visible. [a shining eye]
  1576 | D        | Lost mutation: You regenerate slowly when monsters are visible. [a shining eye]
  1581 | D        | Lost mutation: Your spells are much easier to cast, but much less powerful. [a shining eye]
  1583 | D        | Gained mutation: You regenerate slowly when monsters are visible. [a shining eye]
  1583 | D        | Gained mutation: You do not regenerate when monsters are visible. [a shining eye]
  1583 | D        | Gained mutation: Your spells are much easier to cast, but much less powerful. [a shining eye]
  1586 | D        | Lost mutation: You do not regenerate when monsters are visible. [a shining eye]
  1599 | D        | Gained mutation: You do not regenerate when monsters are visible. [a shining eye]
  1601 | D        | Lost mutation: You do not regenerate when monsters are visible. [a shining eye]
  1602 | D        | Lost mutation: Your body often deteriorates upon taking damage. [a shining eye]
  1603 | D        | Lost mutation: You regenerate slowly when monsters are visible. [a shining eye]
  1604 | D        | Gained mutation: Potions and wands are less effective at restoring your health. [a shining eye]
  1611 | D        | Gained mutation: Your body often deteriorates upon taking damage. [a shining eye]
  1613 | D        | Lost mutation: Potions and wands are less effective at restoring your health. [a shining eye]
  1614 | D        | Gained mutation: You regenerate slowly when monsters are visible. [a shining eye]
  1621 | D        | Lost mutation: You have an uncontrollable temper. [a shining eye]
  1623 | D        | Lost mutation: You regenerate slowly when monsters are visible. [a shining eye]
  1625 | D        | Gained mutation: Potions and wands are less effective at restoring your health. [a shining eye]
  1626 | D        | Gained mutation: You have an uncontrollable temper. [a shining eye]
  1626 | D        | Lost mutation: Potions and wands are less effective at restoring your health. [a shining eye]
  1630 | D        | Gained mutation: You regenerate slowly when monsters are visible. [a shining eye]
  1633 | D        | Gained mutation: You do not regenerate when monsters are visible. [a shining eye]
  1633 | D        | Lost mutation: You do not regenerate when monsters are visible. [a shining eye]
  1639 | D        | Lost mutation: You regenerate slowly when monsters are visible. [a shining eye]
  1642 | D        | Gained mutation: You regenerate slowly when monsters are visible. [a shining eye]
  1646 | D        | Gained mutation: You do not regenerate when monsters are visible. [a shining eye]
  1646 | D        | Lost mutation: You are very weak. (Str -4) [a shining eye]
  1646 | D        | Gained mutation: You are very weak. (Str -4) [a shining eye]
  1655 | D        | Gained mutation: You do not regenerate. [a shining eye]
  1662 | D        | Lost mutation: You do not regenerate. [a shining eye]
  1663 | D        | Lost mutation: You do not regenerate when monsters are visible. [a shining eye]
  1670 | D        | Lost mutation: You regenerate slowly when monsters are visible. [a shining eye]
  1676 | D        | Gained mutation: Potions and wands are less effective at restoring your health. [a shining eye]
  1678 | D        | Gained mutation: Potions and wands are poor at restoring your health. [a shining eye]
  1679 | D        | Lost mutation: You have an uncontrollable temper. [a shining eye]
  1681 | D        | Lost mutation: Potions and wands are poor at restoring your health. [a shining eye]
  1682 | D        | Lost mutation: Potions and wands are less effective at restoring your health. [a shining eye]
  1682 | D        | Lost mutation: You frequently scream uncontrollably at your foes. [a shining eye]
  1688 | D        | Gained mutation: Potions and wands are less effective at restoring your health. [a shining eye]
  1690 | D        | Gained mutation: You have an uncontrollable temper. [a shining eye]
  1690 | D        | Gained mutation: Potions and wands are poor at restoring your health. [a shining eye]
  1692 | D        | Gained mutation: You frequently scream uncontrollably at your foes. [a shining eye]
  1695 | D        | Lost mutation: Your magical capacity is extremely low. (-30% MP) [a shining eye]
  1698 | D        | Gained mutation: Your magical capacity is extremely low. (-30% MP) [a shining eye]
  1708 | D        | Lost mutation: Your body often deteriorates upon taking damage. [a shining eye]
  1711 | D        | Gained mutation: Your body often deteriorates upon taking damage. [a shining eye]
  1712 | D        | Gained mutation: Potions and wands cannot restore your health. [a shining eye]
  1715 | D        | Lost mutation: Potions and wands cannot restore your health. [a shining eye]
  1719 | D        | Gained mutation: Potions and wands cannot restore your health. [a shining eye]
  1721 | D        | Lost mutation: Potions and wands cannot restore your health. [a shining eye]
  1731 | D        | Gained mutation: Potions and wands cannot restore your health. [a shining eye]
  1732 | D        | Lost mutation: Potions and wands cannot restore your health. [a shining eye]
  1741 | D        | Lost mutation: Potions and wands are poor at restoring your health. [a shining eye]
  1742 | D        | Gained mutation: Potions and wands are poor at restoring your health. [a shining eye]
  1742 | D        | Lost mutation: You are very weak. (Str -4) [a shining eye]
  1745 | D        | Gained mutation: Potions and wands cannot restore your health. [a shining eye]
  1746 | D        | Lost mutation: Potions and wands cannot restore your health. [a shining eye]
  1748 | D        | Lost mutation: Your body often deteriorates upon taking damage. [a shining eye]
  1750 | D        | Gained mutation: Your body often deteriorates upon taking damage. [a shining eye]
  1752 | D        | Gained mutation: You are very weak. (Str -4) [a shining eye]
  1753 | D        | Lost mutation: You are very dopey. (Int -4) [a shining eye]
  1758 | D        | Gained mutation: You are very dopey. (Int -4) [a shining eye]
  1760 | D        | Gained mutation: Potions and wands cannot restore your health. [a shining eye]
  1770 | D        | Lost mutation: Potions and wands cannot restore your health. [a shining eye]
  1777 | D        | Lost mutation: Potions and wands are poor at restoring your health. [a shining eye]
  1777 | D        | Gained mutation: Potions and wands are poor at restoring your health. [a shining eye]
  1778 | D        | Gained mutation: Potions and wands cannot restore your health. [a shining eye]
  1780 | D        | Lost mutation: You expend magic power (3 MP) to strengthen your wands. [a shining eye]
  1781 | D        | Gained mutation: You expend magic power (3 MP) to strengthen your wands. [a shining eye]
  1783 | D        | Lost mutation: Potions and wands cannot restore your health. [a shining eye]
  1787 | D        | Lost mutation: Potions and wands are poor at restoring your health. [a shining eye]
  1787 | D        | Gained mutation: Potions and wands are poor at restoring your health. [a shining eye]
  1790 | D        | Lost mutation: Potions and wands are poor at restoring your health. [a shining eye]
  1791 | D        | Lost mutation: Potions and wands are less effective at restoring your health. [a shining eye]
  1795 | D        | Lost mutation: You are very dopey. (Int -4) [a shining eye]
  1797 | D        | Gained mutation: Potions and wands are less effective at restoring your health. [a shining eye]
  1798 | D        | Gained mutation: Potions and wands are poor at restoring your health. [a shining eye]
  1799 | D        | Gained mutation: You are very dopey. (Int -4) [a shining eye]
  1801 | D        | Gained mutation: Potions and wands cannot restore your health. [a shining eye]
  1809 | D        | Lost mutation: Potions and wands cannot restore your health. [a shining eye]
  1814 | D        | Lost mutation: Potions and wands are poor at restoring your health. [a shining eye]
  1817 | D        | Lost mutation: Potions and wands are less effective at restoring your health. [a shining eye]
  1820 | D        | Gained mutation: You regenerate slowly when monsters are visible. [a shining eye]
  1822 | D        | Lost mutation: You regenerate slowly when monsters are visible. [a shining eye]
  1832 | D        | Lost mutation: You are very clumsy. (Dex -4) [a shining eye]
  1834 | D        | Gained mutation: You are very clumsy. (Dex -4) [a shining eye]
  1841 | D        | Gained mutation: Potions and wands are less effective at restoring your health. [a shining eye]
  1843 | D        | Lost mutation: Potions and wands are less effective at restoring your health. [a shining eye]
  1843 | D        | Gained mutation: Potions and wands are less effective at restoring your health. [a shining eye]
  1846 | D        | Gained mutation: Potions and wands are poor at restoring your health. [a shining eye]
  1848 | D        | Lost mutation: Potions and wands are poor at restoring your health. [a shining eye]
  1855 | D        | Gained mutation: Potions and wands are poor at restoring your health. [a shining eye]
  1860 | D        | Gained mutation: Potions and wands cannot restore your health. [a shining eye]
  1864 | D        | Lost mutation: Potions and wands cannot restore your health. [a shining eye]
  1865 | D        | Gained mutation: Potions and wands cannot restore your health. [a shining eye]
  1866 | D        | Lost mutation: Your spells are much easier to cast, but much less powerful. [a shining eye]
  1870 | D        | Lost mutation: You have an uncontrollable temper. [a shining eye]
  1879 | D        | Gained mutation: You have an uncontrollable temper. [a shining eye]
  1905 | D        | Killed by an exploding ballistomycete spore
  1906 | D        | Reached XP level 9. HP: -6/32 MP: 7/7
  1959 | D        | Gained mutation: Your spells are much easier to cast, but much less powerful. [a shining eye]
  1963 | D        | Lost mutation: Potions and wands cannot restore your health. [a shining eye]
  1969 | D        | Gained mutation: Potions and wands cannot restore your health. [a shining eye]
  1989 | D        | Lost mutation: Potions and wands cannot restore your health. [a shining eye]
  1993 | D        | Lost mutation: You have an uncontrollable temper. [a shining eye]
  2015 | D        | Lost mutation: Your spells are much easier to cast, but much less powerful. [a shining eye]
  2016 | D        | Lost mutation: Your body often deteriorates upon taking damage. [a shining eye]
  2017 | D        | Gained mutation: You have an uncontrollable temper. [a shining eye]
  2023 | D        | Gained mutation: Your spells are much easier to cast, but much less powerful. [a shining eye]
  2027 | D        | Lost mutation: You are very weak. (Str -4) [a shining eye]
  2047 | D        | Gained mutation: Your body often deteriorates upon taking damage. [a shining eye]
  2055 | D        | Lost mutation: You are very dopey. (Int -4) [a shining eye]
  2070 | D        | Gained mutation: You are very weak. (Str -4) [a shining eye]
  2073 | D        | Lost mutation: Potions and wands are poor at restoring your health. [a shining eye]
  2082 | D        | Gained mutation: Potions and wands are poor at restoring your health. [a shining eye]
  2083 | D        | Gained mutation: Potions and wands cannot restore your health. [a shining eye]
  2086 | D        | Gained mutation: You are very dopey. (Int -4) [a shining eye]
  2107 | D        | Lost mutation: You are very clumsy. (Dex -4) [a shining eye]
  2123 | D        | Gained mutation: You are very clumsy. (Dex -4) [a shining eye]
  2152 | D        | Lost mutation: Potions and wands cannot restore your health. [a shining eye]
  2153 | D        | Lost mutation: You are very weak. (Str -4) [a shining eye]
  2155 | D        | Lost mutation: You are extremely frail. (-30% HP) [a shining eye]
  2157 | D        | Gained mutation: You are extremely frail. (-30% HP) [a shining eye]
  2159 | D        | Lost mutation: You expend magic power (3 MP) to strengthen your wands. [a shining eye]
  2177 | D        | Gained mutation: You expend magic power (3 MP) to strengthen your wands. [a shining eye]
  2179 | D        | Gained mutation: You are very weak. (Str -4) [a shining eye]
  2190 | D        | Lost mutation: Your spells are much easier to cast, but much less powerful. [a shining eye]
  2205 | D        | Gained mutation: Your spells are much easier to cast, but much less powerful. [a shining eye]
  2220 | D        | Gained mutation: Potions and wands cannot restore your health. [a shining eye]
  2223 | D        | Lost mutation: Potions and wands cannot restore your health. [a shining eye]
  2230 | D        | Lost mutation: Your magical capacity is extremely low. (-30% MP) [a shining eye]
  2239 | D        | Lost mutation: You are very weak. (Str -4) [a shining eye]
  2259 | D        | Gained mutation: You are very weak. (Str -4) [a shining eye]
  2266 | D        | Gained mutation: Your magical capacity is extremely low. (-30% MP) [a shining eye]
  2272 | D        | Lost mutation: Potions and wands are poor at restoring your health. [a shining eye]
  2275 | D        | Gained mutation: Potions and wands are poor at restoring your health. [a shining eye]
  2280 | D        | Lost mutation: Potions and wands are poor at restoring your health. [a shining eye]
  2285 | D        | Gained mutation: Potions and wands are poor at restoring your health. [a shining eye]
  2289 | D        | Lost mutation: Potions and wands are poor at restoring your health. [a shining eye]
  2316 | D        | Lost mutation: You are extremely frail. (-30% HP) [a shining eye]
  2336 | D        | Gained mutation: Potions and wands are poor at restoring your health. [a shining eye]
  2337 | D        | Lost mutation: Potions and wands are poor at restoring your health. [a shining eye]
  2352 | D        | Lost mutation: Your magical capacity is extremely low. (-30% MP) [a shining eye]
  2355 | D        | Gained mutation: Your magical capacity is extremely low. (-30% MP) [a shining eye]
  2366 | D        | Gained mutation: You are extremely frail. (-30% HP) [a shining eye]
  2372 | D        | Gained mutation: Potions and wands are poor at restoring your health. [a shining eye]
  2382 | D        | Lost mutation: Potions and wands are poor at restoring your health. [a shining eye]
  2416 | D        | Lost mutation: Potions and wands are less effective at restoring your health. [a shining eye]
  2423 | D        | Gained mutation: You regenerate slowly when monsters are visible. [a shining eye]
  2437 | D        | Lost mutation: You regenerate slowly when monsters are visible. [a shining eye]
  2440 | D        | Gained mutation: You regenerate slowly when monsters are visible. [a shining eye]
  2452 | D        | Lost mutation: You regenerate slowly when monsters are visible. [a shining eye]
  2455 | D        | Gained mutation: Potions and wands are less effective at restoring your health. [a shining eye]
  2470 | D        | Lost mutation: Potions and wands are less effective at restoring your health. [a shining eye]
  2486 | D        | Gained mutation: You regenerate slowly when monsters are visible. [a shining eye]
  2490 | D        | Lost mutation: You regenerate slowly when monsters are visible. [a shining eye]
  2499 | D        | Gained mutation: You regenerate slowly when monsters are visible. [a shining eye]
  2509 | D        | Lost mutation: You regenerate slowly when monsters are visible. [a shining eye]
  2519 | D        | Gained mutation: You regenerate slowly when monsters are visible. [a shining eye]
  2536 | D        | Lost mutation: You regenerate slowly when monsters are visible. [a shining eye]
  2575 | D        | Killed a shining eye
  2581 | D        | Killed a shining eye
  2581 | D        | Reached skill level 19 in Stealth
  2581 | D        | Reached XP level 10. HP: 37/37 MP: 8/8
  2587 | D        | Killed a shining eye
  2596 | D        | Killed a shining eye
  2601 | D        | Killed a shining eye
  2601 | D        | Reached skill level 15 in Unarmed Combat
  2611 | D        | Killed a shining eye
  2612 | D        | Gained mutation: You regenerate slowly when monsters are visible. [a shining eye]
  2613 | D        | Gained mutation: You do not regenerate when monsters are visible. [a shining eye]
  2615 | D        | Killed a shining eye
  2631 | D        | Gained mutation: You do not regenerate. [a shining eye]
  2694 | D        | Lost mutation: Your body often deteriorates upon taking damage. [a shining eye]
  2696 | D        | Gained mutation: Your body often deteriorates upon taking damage. [a shining eye]
  2711 | D        | Lost mutation: You do not regenerate. [a shining eye]
  2741 | D        | Lost mutation: You do not regenerate when monsters are visible. [a shining eye]
  2761 | D        | Gained mutation: You do not regenerate when monsters are visible. [a shining eye]
  2763 | D        | Lost mutation: You are extremely frail. (-30% HP) [a shining eye]
  2764 | D        | Lost mutation: You are very frail. (-20% HP) [a shining eye]
  2774 | D        | Gained mutation: You are very frail. (-20% HP) [a shining eye]
  2778 | D        | Gained mutation: You are extremely frail. (-30% HP) [a shining eye]
  2817 | D        | Gained mutation: You do not regenerate. [a shining eye]
  2820 | D        | Lost mutation: You do not regenerate. [a shining eye]
  2828 | D        | Lost mutation: You do not regenerate when monsters are visible. [a shining eye]
  2854 | D        | Gained mutation: You do not regenerate when monsters are visible. [a shining eye]
  2884 | D        | Lost mutation: You do not regenerate when monsters are visible. [a shining eye]
  2898 | D        | Lost mutation: You regenerate slowly when monsters are visible. [a shining eye]
  2900 | D        | Gained mutation: Potions and wands are less effective at restoring your health. [a shining eye]
  2910 | D        | Lost mutation: Your spells are much easier to cast, but much less powerful. [a shining eye]
  2911 | D        | Lost mutation: Your magical capacity is extremely low. (-30% MP) [a shining eye]
  2920 | D        | Gained mutation: Your magical capacity is extremely low. (-30% MP) [a shining eye]
  2924 | D        | Gained mutation: Your spells are much easier to cast, but much less powerful. [a shining eye]
  2933 | D        | Lost mutation: Potions and wands are less effective at restoring your health. [a shining eye]
  2937 | D        | Gained mutation: Potions and wands are less effective at restoring your health. [a shining eye]
  2943 | D        | Lost mutation: Potions and wands are less effective at restoring your health. [a shining eye]
  2946 | D        | Gained mutation: Potions and wands are less effective at restoring your health. [a shining eye]
  2950 | D        | Gained mutation: Potions and wands are poor at restoring your health. [a shining eye]
  2951 | D        | Gained mutation: Potions and wands cannot restore your health. [a shining eye]
  2991 | D        | Killed a shining eye
  2991 | D        | Reached skill level 20 in Stealth
  3077 | D        | Bought a potion of cure mutation for 250 gold pieces
  3077 | D        | Lost mutation: You are very clumsy. (Dex -4) [potion of cure mutation]
  3077 | D        | Lost mutation: Your spells are much easier to cast, but much less powerful. [potion of cure mutation]
  3077 | D        | Lost mutation: Your spells are easier to cast, but less powerful. [potion of cure mutation]
  3077 | D        | Lost mutation: You are very weak. (Str -4) [potion of cure mutation]
  3172 | D        | Noticed a rust devil
  3541 | D        | HP: 1/55 [demonic crawler (4)]
  3543 | D        | Mangled by a demonic crawler
  3544 | D        | Reached XP level 9. HP: -9/51 MP: 7/7
  3544 | D        | Noticed a lorocyproca
  3545 | D        | Noticed a meliai
  3547 | D        | Slain by a lorocyproca

Skill      XL: |  1  2  3  4  5  6  7  8  9 10 |
---------------+-------------------------------+-----
Stealth        | 8 12 16 19 20 | 20.3
Fighting       | 6 8 10 11 | 11.8
Dodging        | 8 10 13 14 15 | 15.7
Unarmed Combat | 6 8 10 12 16 | 16.4

Action                   |  1- 3 |  4- 6 |  7- 9 | 10-12 || total
-------------------------+-------+-------+-------+-------++-------
Melee: Unarmed           |    47 |    15 |    30 |   123 ||   215
       Bite              |     8 |     1 |     4 |    17 ||    30
       Punch             |       |     1 |     4 |     8 ||    13
  Use: Potion            |     1 |       |       |     2 ||     3
 Stab: Sleeping          |     1 |     2 |     7 |     8 ||    18
  Eat: Chunk             |       |       |     4 |       ||     4
Armor: Skin              |     2 |       |       |     2 ||     4
Dodge: Dodged            |    33 |     7 |     5 |   108 ||   153
